Map: Prion Terraces

Players

llllllllllll - Winner!

  • Race: Protoss Protoss
  • League: Master

Miszu

  • Race: Terran Terran
  • League: Master

VOD

Have the link to the VOD?

Description

Time

  • Played on: March 28, 2016, 4:27 p.m.
  • Length: 6:02
Show
View Real Time Build Order
Export as new Build Order

llllllllllll Protoss - Winner!

Build Orders: 1 Gate Expand, Oracle Opening, Blink Stalkers 

Get SALT Encoding   

  12  0:01  Probe (Chrono Boost)  
  13  0:11  Probe (Chrono Boost)  
  14  0:17  Pylon  
  14  0:22  Probe (Chrono Boost)  
  15  0:35  Probe (Chrono Boost)  
  16  0:37  Gateway  
  16  0:46  Probe (Chrono Boost)  
  16  0:47  Assimilator  
  17  0:56  Probe (Chrono Boost)  
  18  1:07  Probe (Chrono Boost)  
  19  1:17  Probe (Chrono Boost)  
  20  1:29  Nexus  
  20  1:34  Cybernetics Core  
  20  1:36  Probe (Chrono Boost)  
  21  1:42  Assimilator  
  22  1:47  Probe (Chrono Boost)  
  22  1:57  Probe (Chrono Boost)  
  23  2:01  Pylon  
  23  2:17  Stargate  
  23  2:19  Probe  
  23  2:20  Adept (Chrono Boost)  
  26  2:29  Warp Gate  
  26  2:31  Probe  
  27  2:41  Probe (Chrono Boost)  
  27  2:43  Probe (Chrono Boost)  
  29  2:52  Probe (Chrono Boost)  
  29  2:54  Probe (Chrono Boost)  
  29  2:56  Pylon  
  31  3:01  Oracle (Chrono Boost), Probe (Chrono Boost)  
  36  3:05  Probe  
  36  3:11  Assimilator  
  36  3:12  Probe  
  36  3:17  Twilight Council, Probe  
  38  3:22  Probe  
  39  3:29  Probe (Chrono Boost)  
  40  3:34  Probe (Chrono Boost)  
  42  3:41  Probe (Chrono Boost)  
  42  3:45  Probe (Chrono Boost)  
  42  3:47  Gateway  
  42  3:48  Gateway  
  43  3:50  Gateway  
  43  3:51  Probe (Chrono Boost)  
  43  3:54  Blink (Chrono Boost), Probe  
  45  4:03  Probe  
  45  4:04  Probe  
  47  4:19  Pylon  
  47  4:20  Gateway x2  
  47  4:24  Pylon x2  
  47  4:28  Assimilator  
  47  4:38  Gateway  
  47  4:40  Stalker  
  47  4:42  Nexus  
  49  4:54  Stalker x2  
  49  4:55  Stalker  
  49  4:58  Probe  
  49  4:59  Probe  
  56  5:01  Pylon  
  56  5:04  Stalker  
  59  5:10  Probe  
  59  5:11  Probe  
  61  5:20  Gateway, Stalker x3  
  67  5:28  Stalker x2  
  69  5:34  Stalker  
  73  5:36  Stalker  
  75  5:43  Stalker x2  
Show
View Real Time Build Order
Export as new Build Order

Miszu Terran 

Build Orders: Command Center First (CC) 

Get SALT Encoding   

  12  0:01  SCV  
  13  0:13  SCV  
  14  0:17  Supply Depot  
  14  0:25  SCV  
  15  0:38  SCV  
  16  0:50  SCV  
  17  1:00  Command Center  
  17  1:02  SCV  
  18  1:15  SCV  
  19  1:24  Barracks  
  19  1:27  SCV  
  20  1:39  SCV  
  21  1:40  Barracks  
  21  1:48  Barracks  
  21  2:02  SCV  
  22  2:10  Marine  
  22  2:14  Orbital Command  
  23  2:17  Orbital Command  
  23  2:27  Marine  
  23  2:28  Marine  
  25  2:32  Refinery x2  
  25  2:36  Marine  
  26  2:41  SCV  
  26  2:43  SCV  
  28  2:45  Marine  
  28  2:49  Supply Depot, Marine  
  30  2:53  SCV  
  30  2:54  Marine  
  30  2:55  SCV  
  33  3:03  Marine  
  33  3:05  SCV  
  35  3:07  Barracks Tech Lab  
  35  3:08  SCV  
  36  3:13  Supply Depot  
  36  3:14  Marine  
  36  3:17  SCV  
  38  3:21  Marine, SCV  
  40  3:28  Stimpack  
  40  3:29  SCV  
  40  3:30  Marine  
  40  3:32  Marine  
  40  3:33  SCV  
  44  3:38  Supply Depot, Marine  
  45  3:42  SCV  
  45  3:44  Factory  
  45  3:45  SCV  
  45  3:48  Marine  
  48  3:49  Refinery, Marine  
  48  3:54  Engineering Bay, SCV  
  50  3:56  Marine  
  50  3:57  SCV  
  48  4:06  SCV  
  47  4:11  SCV  
  45  4:18  SCV  
  45  4:23  SCV  
  47  4:29  Missile Turret  
  47  4:30  SCV  
  47  4:31  Missile Turret  
  48  4:35  SCV  
  49  4:42  SCV  
  50  4:47  SCV  
  50  4:49  Factory Reactor  
  50  4:53  Starport  
  50  4:54  SCV  
  52  5:00  Marine  
  52  5:01  Barracks Reactor  
  52  5:02  Barracks Tech Lab  
  52  5:08  Barracks  
  52  5:09  Barracks  
  52  5:11  SCV x2  
  54  5:14  Refinery  
  54  5:19  Marauder  
  56  5:23  SCV  
  56  5:24  SCV  
  56  5:25  Supply Depot  
  58  5:32  Marauder  
  62  5:46  SCV x2  
  62  5:47  Supply Depot  
  70  5:52  Supply Depot  
  63  6:01  Bunker  
Tags
 
Add a new tag
Caveats
  • Supply blocks, unpowered buildings, or Contaminate may cause inaccurate times.
  • Supply counts are checked every 10 seconds.